Lake Erie Monsters vs Drummondville Voltigeurs

Created - 5 décembre 2023 at 20:30

Goals
1 2 3 T
Lake Erie Monsters 1 5 1 7
Drummondville Voltigeurs 1 0 0 1
Shots
1 2 3 T
Lake Erie Monsters 12 17 4 33
Drummondville Voltigeurs 18 6 5 29

GoalsPenalties
1st period
1. Lake Erie Monsters , Ethen Frank 16 (Ryan Suzuki 41, Tyler Sikura 7) at 2:21
2. Drummondville Voltigeurs , Jake Neighbours 19 (Brandon Davidson 1) at 16:28
Kevin Rooney (VOL) for Fighting (Major) at 1:19
Matthew Rempe (MST) for Fighting (Major) at 1:19
Sampo Ranta (VOL) for Fighting (Major) at 4:01
Tyler Tucker (MST) for Fighting (Major) at 4:01
Jake Neighbours (VOL) for Roughing (Minor) at 11:45
2nd period
3. Lake Erie Monsters , Tyler Sikura 4 (Ryan Suzuki 42) at 0:04
4. Lake Erie Monsters , Oskar Steen 11 (Kyle Rau 14, Jimmy Schuldt 10) at 1:28
5. Lake Erie Monsters , Matthew Rempe 1 (Matthew Robertson 8, Turner Elson 25) at 6:50
6. Lake Erie Monsters , Mavrik Bourque 11 (Jimmy Schuldt 11, Turner Elson 26) at 12:08
7. Lake Erie Monsters , Tyler Sikura 5 (Ryan Suzuki 43, Joe Hicketts 20) at 18:50 (PP)
Mitchell Chaffee (VOL) for Fighting (Major) at 12:40
Matthew Rempe (MST) for Fighting (Major) at 12:40
Boris Katchouk (VOL) for Fighting (Major) at 12:45
Tyler Sikura (MST) for Fighting (Major) at 12:45
Boris Katchouk (VOL) for Tripping (Minor) at 18:18
3rd period
8. Lake Erie Monsters , Ethen Frank 17 (Oskar Steen 13, Marshall Rifai 1) at 1:37
Jean-Sebastien Dea (VOL) for Fighting (Major) at 0:09
Ryan Suzuki (MST) for Fighting (Major) at 0:09
Kristian Reichel (VOL) for Fighting (Major) at 2:32
Tyler Tucker (MST) for Fighting (Major) at 2:32
Boris Katchouk (VOL) for Fighting (Major) at 3:45
Blake Murray (MST) for Fighting (Major) at 3:45
Gage Goncalves (VOL) for Fighting (Major) at 4:26
Zackary Hayes (MST) for Fighting (Major) at 4:26
Zackary Hayes (MST) for instigated a fight (Minor) at 4:26
Zackary Hayes (MST) for instigated a fight (10 Minutes Misconduct) at 4:26
Goalie Stats
Daniil Tarasov (MST), 28 saves from 29 shots - (0,966), W, 8-0-1, 60:00 minutes
Arturs Silovs (VOL), 22 saves from 28 shots - (0,786), L, 7-3-1, 38:50 minutes
Jaxson Stauber (VOL), 4 saves from 5 shots - (0,800), 21:10 minutes
3 StarsOfficial
1 - Ethen Frank (MST)
2 - Jimmy Schuldt (MST)
3 - Tyler Sikura (MST)
Referees : Stephen Hiff and Kevin Pollock
Linesman : Ryan Galloway and Kyle Larson
Game Note
Matthew Rempe beats up Kevin Rooney at 1:19 of 1st period
Sampo Ranta beats up Tyler Tucker at 4:01 of 1st period
Matthew Rempe beats up Mitchell Chaffee at 12:40 of 2nd period
Boris Katchouk and Tyler Sikura fight to a draw at 12:45 of 2nd period
Jaxson Stauber enters game at 18:50 of 2nd period
Jean-Sebastien Dea beats up Ryan Suzuki at 0:09 of 3rd period
Kristian Reichel and Tyler Tucker fight to a draw at 2:32 of 3rd period
Blake Murray beats up Boris Katchouk at 3:45 of 3rd period
Gage Goncalves beats up Zackary Hayes at 4:26 of 3rd period
Finance
Level 1 -- Attendance: 1529 (76,45%) -- Ticket Income $53,515
Level 2 -- Attendance: 910 (91,00%) -- Ticket Income $13,650
Total Attendance: 2439 (81,30%)
Total Ticket Income: $67,165
Other Income: $32,911
Total Income: $100,076



Team Name Goals Shots Shots Attemp Shots Blocked PIM HIT PP PK FO%
Lake Erie Monsters 73363752221 / 2 (50%)052%
Drummondville Voltigeurs 129531844250 / 1 (0%)148%

Lake Erie Monsters
Player Name POS G A P +/- PIM HIT SHT SB MP PP MP PP SHT PK MP PK SHT FO% FOT GA TA
Blake MurrayC000051108:430:0000:000100% 100
Brandon BaddockLW000003018:220:0000:0000% 001
Ethen FrankC2023003121:271:3310:0700% 020
Henri NikkanenC0000020014:300:1700:56043% 720
Jimmy SchuldtD0224051119:530:2700:4600% 000
Joe HickettsD0110030025:232:0401:1300% 000
Kyle RauC/LW0110015013:080:5800:260100% 111
Marshall RifaiD0111000016:290:0000:5400% 001
Matthew RempeC10121012013:020:0000:0000% 000
Matthew RobertsonD0114001020:280:0001:0500% 002
Mavrik BourqueC1012025017:361:3300:00043% 2110
Oskar SteenC1121014014:510:0000:45029% 701
Ryan SuzukiC0332502019:130:5800:21061% 2300
Turner ElsonLW0222032017:110:0000:5600% 000
Tyler SikuraC/LW2133504118:570:5810:370100% 130
Tyler TuckerD00001000220:432:0400:0000% 001
Will BittenC/RW0000003115:171:3600:000100% 101
Zackary HayesD00011700012:500:0700:0000% 000
Drummondville Voltigeurs
Player Name POS G A P +/- PIM HIT SHT SB MP PP MP PP SHT PK MP PK SHT FO% FOT GA TA
Boris KatchoukLW000-31232017:110:0001:0700% 100
Brady LyleD0000011015:560:1800:0000% 011
Brandon DavidsonD0110000115:280:0000:0000% 000
Gage GoncalvesC000-3503114:410:0000:22042% 1201
Jake NeighboursLW1010236113:570:5900:0000% 200
Jean-Sebastien DeaC000-2521019:000:5701:38055% 2010
Julien GauthierRW000-3022119:000:5910:0000% 000
Kevin RooneyC/LW0000521118:170:5701:15061% 1812
Kristian ReichelC0000533010:000:0000:00017% 601
Markus NiemelainenD000-4010225:351:0201:4200% 021
Martin ChromiakRW0000032115:500:5100:00050% 201
Michal TeplyLW/RW0000011012:330:0000:0000% 020
Mitchell ChaffeeRW000-2512110:540:0900:000100% 100
Pierre-Olivier JosephD000-4010425:001:0201:4200% 011
Sampo RantaLW/RW000-2501213:270:4700:4000% 000
Simon HolmstromRW0000004112:170:0000:0000% 000
Simon NemecD000-1010118:390:5700:4900% 001
Ville HeinolaD000-1010119:340:5700:4900% 000

Lake Erie Monsters

5 vs 5 Forward
Line #Left WingCenterRight WingPHYDFOFWanted %Time %Time Play
1Ethen FrankRyan SuzukiTyler Sikura1134035%19:09
2Turner ElsonMavrik BourqueMatthew Rempe1133029%16:15
3Kyle RauOskar SteenWill Bitten1222021%11:44
4Brandon BaddockHenri NikkanenBlake Murray1221015%8:22
5 vs 5 Defense
Line #DefenseDefensePHYDFOFWanted %Time %Time Play
1Joe HickettsTyler Tucker1224034%19:08
2Jimmy SchuldtMatthew Robertson1223427%14:53
3Zackary HayesMarshall Rifai1222637%20:40
4Joe HickettsTyler Tucker12201%0:49
Power Play Forward
Line #Left WingCenterRight WingPHYDFOFWanted %Time %Time Play
1Ethen FrankMavrik BourqueWill Bitten1046062%1:33
2Kyle RauRyan SuzukiTyler Sikura1044038%0:58
Power Play Defense
Line #DefenseDefensePHYDFOFWanted %Time %Time Play
1Joe HickettsTyler Tucker0146082%2:04
2Jimmy SchuldtWill Bitten0144018%0:27
Penalty Kill 4 Players Forward
Line #CenterWingPHYDFOFWanted %Time %Time Play
1Henri NikkanenTurner Elson1316078%1:33
2Ryan SuzukiKyle Rau1314022%0:26
Penalty Kill 4 Players Defense
Line #DefenseDefensePHYDFOFWanted %Time %Time Play
1Joe HickettsTyler Tucker1406061%1:13
2Jimmy SchuldtZackary Hayes1404039%0:46
Penalty Kill 3 Players
Line #WingPHYDFOFWanted %Time %Time PlayDefenseDefensePHYDFOFWanted %Time %Time Play
1Oskar Steen140600%0:00 Joe HickettsMatthew Robertson140600%0:00
2Turner Elson140400%0:00 Jimmy SchuldtTyler Tucker140400%0:00
4 vs 4 Forward
Line #CenterWingPHYDFOFWanted %Time %Time Play
1Mavrik BourqueTurner Elson122600%0:00
2Ryan SuzukiMavrik Bourque122400%0:00
4 vs 4 Defense
Line #DefensePHYDFOFWanted %Time %Time Play
1Joe HickettsMatthew Robertson122600%0:00
2Tyler TuckerZackary Hayes122400%0:00
Last Minutes Offensive
Left WingCenterRight WingDefenseDefense
Ryan SuzukiEthen FrankMavrik BourqueTyler TuckerWill Bitten
Last Minutes Defensive
Left WingCenterRight WingDefenseDefense
Turner ElsonRyan SuzukiWill BittenJoe HickettsTyler Tucker
Time
Total ForwardTotal DefenseLast Minutes OffensiveLast Minutes Defensive
60:00 60:00 0:000:00
Extra Forwards
Normal PowerPlayPenalty Kill
Henri Nikkanen, Blake Murray, Oskar SteenHenri Nikkanen, Blake MurrayOskar Steen
Extra Defensemen
Normal PowerPlayPenalty Kill
Zackary Hayes, Matthew Robertson, Joe HickettsZackary Hayes, Matthew RobertsonMarshall Rifai
Penalty Shots
Ethen Frank, Turner Elson, Ryan Suzuki, Mavrik Bourque, Oskar Steen
Goalie
Daniil Tarasov, Unknown Goalie
Scratches
Bobby Brink (Back Injury), Eduards Tralmaks (Healthy), Mikko Kokkonen (Healthy), Gabriel Dumont (Suspend), Mitchell Vande Sompel (Healthy) Ronan Seeley (Healthy), Danila Zhuravlyov (Healthy)

Drummondville Voltigeurs

5 vs 5 Forward
Line #Left WingCenterRight WingPHYDFOFWanted %Time %Time Play
1Boris KatchoukJean-Sebastien DeaJulien Gauthier1224033%18:24
2Jake NeighboursKevin RooneyMartin Chromiak1223022%12:22
3Sampo RantaGage GoncalvesMitchell Chaffee1222022%12:16
4Michal TeplyKristian ReichelSimon Holmstrom1221022%12:28
5 vs 5 Defense
Line #DefenseDefensePHYDFOFWanted %Time %Time Play
1Pierre-Olivier JosephMarkus Niemelainen1223736%19:48
2Simon NemecVille Heinola1223030%16:53
3Brady LyleBrandon Davidson1222328%15:26
4Pierre-Olivier JosephMarkus Niemelainen122106%3:23
Power Play Forward
Line #Left WingCenterRight WingPHYDFOFWanted %Time %Time Play
1Boris KatchoukJean-Sebastien DeaJulien Gauthier12260100%1:59
2Jake NeighboursKevin RooneyMartin Chromiak122400%0:00
Power Play Defense
Line #DefenseDefensePHYDFOFWanted %Time %Time Play
1Pierre-Olivier JosephMarkus Niemelainen1226052%1:02
2Simon NemecVille Heinola1224048%0:57
Penalty Kill 4 Players Forward
Line #CenterWingPHYDFOFWanted %Time %Time Play
1Jean-Sebastien DeaBoris Katchouk1226088%2:13
2Kevin RooneyJake Neighbours1224012%0:18
Penalty Kill 4 Players Defense
Line #DefenseDefensePHYDFOFWanted %Time %Time Play
1Pierre-Olivier JosephMarkus Niemelainen1226068%1:42
2Simon NemecVille Heinola1224032%0:49
Penalty Kill 3 Players
Line #WingPHYDFOFWanted %Time %Time PlayDefenseDefensePHYDFOFWanted %Time %Time Play
1Jean-Sebastien Dea122600%0:00 Pierre-Olivier JosephMarkus Niemelainen122600%0:00
2Kevin Rooney122400%0:00 Simon NemecVille Heinola122400%0:00
4 vs 4 Forward
Line #CenterWingPHYDFOFWanted %Time %Time Play
1Jean-Sebastien DeaBoris Katchouk122600%0:00
2Kevin RooneyJake Neighbours122400%0:00
4 vs 4 Defense
Line #DefensePHYDFOFWanted %Time %Time Play
1Pierre-Olivier JosephMarkus Niemelainen122600%0:00
2Simon NemecVille Heinola122400%0:00
Last Minutes Offensive
Left WingCenterRight WingDefenseDefense
Boris KatchoukJean-Sebastien DeaJulien GauthierPierre-Olivier JosephMarkus Niemelainen
Last Minutes Defensive
Left WingCenterRight WingDefenseDefense
Boris KatchoukJean-Sebastien DeaJulien GauthierPierre-Olivier JosephMarkus Niemelainen
Time
Total ForwardTotal DefenseLast Minutes OffensiveLast Minutes Defensive
60:00 60:00 0:000:00
Extra Forwards
Normal PowerPlayPenalty Kill
Kevin Rooney, Gage Goncalves, Martin ChromiakKevin Rooney, Gage GoncalvesKevin Rooney
Extra Defensemen
Normal PowerPlayPenalty Kill
Ville Heinola, Brady Lyle, Brandon DavidsonVille Heinola, Ville HeinolaBrady Lyle
Penalty Shots
Boris Katchouk, Julien Gauthier, Jake Neighbours, Jean-Sebastien Dea, Kevin Rooney
Goalie
Arturs Silovs, Jaxson Stauber
Scratches
Xavier Ouellet (Healthy), Scott Perunovich (Healthy), Blade Jenkins (Healthy), Luke Henman (Healthy), Matt Bartkowski (Healthy) Adam Brubacher (Healthy), Xavier Bouchard (Healthy), Chaz Lucius (Healthy), Zachary Fucale (Healthy)


Play-by-Play

1st period


0:01 of 1st period - Jean-Sebastien Dea wins face-off versus Ryan Suzuki in neutral zone.
0:26 of 1st period - Jean-Sebastien Dea is hit by Oskar Steen and loses puck.
0:59 of 1st period - Snap shot by Boris Katchouk.
0:59 of 1st period - Shot Misses the Net.
1:01 of 1st period - Snap shot by Boris Katchouk.
1:01 of 1st period - Shot Misses the Net.
1:03 of 1st period - Snap shot by Jean-Sebastien Dea.
1:03 of 1st period - Stopped by Daniil Tarasov with a rebound.
1:05 of 1st period - Wrist shot by Boris Katchouk.
1:05 of 1st period - Deflect By Kyle Rau.
1:05 of 1st period - Shot Misses the Net.
1:05 of 1st period - Puck is out of play.
1:06 of 1st period - Kevin Rooney wins face-off versus Mavrik Bourque in Lake Erie Monsters zone.
1:07 of 1st period - Slapshot by Jake Neighbours.
1:07 of 1st period - Stopped by Daniil Tarasov without a rebound.
1:08 of 1st period - Kevin Rooney wins face-off versus Mavrik Bourque in Lake Erie Monsters zone.
1:19 of 1st period - Matthew Rempe beats up Kevin Rooney.
1:19 of 1st period - Penalty to Kevin Rooney for Fighting.
1:19 of 1st period - Penalty to Matthew Rempe for Fighting.
1:20 of 1st period - Ryan Suzuki wins face-off versus Gage Goncalves in Lake Erie Monsters zone.
1:53 of 1st period - Wrist shot by Kristian Reichel.
1:53 of 1st period - Shot Misses the Net.
2:09 of 1st period - Zackary Hayes is hit by Martin Chromiak and loses puck.
2:21 of 1st period - Wrist shot by Ethen Frank.
2:21 of 1st period - Goal by Ethen Frank - Lake Erie Monsters : 1 - Drummondville Voltigeurs : 0.
2:22 of 1st period - Mavrik Bourque wins face-off versus Gage Goncalves in neutral zone.
2:27 of 1st period - Snap shot by Mavrik Bourque.
2:27 of 1st period - Shot Misses the Net.
2:29 of 1st period - Slapshot by Jimmy Schuldt.
2:29 of 1st period - Stopped by Arturs Silovs without a rebound.
2:30 of 1st period - Gage Goncalves wins face-off versus Mavrik Bourque in Drummondville Voltigeurs zone.
2:41 of 1st period - Wrist shot by Jake Neighbours.
2:41 of 1st period - Stopped by Daniil Tarasov without a rebound.
2:42 of 1st period - Blake Murray wins face-off versus Gage Goncalves in Lake Erie Monsters zone.
2:50 of 1st period - Snap shot by Gage Goncalves.
2:50 of 1st period - Stopped by Daniil Tarasov with a rebound.
2:52 of 1st period - Snap shot by Sampo Ranta.
2:52 of 1st period - Shot Blocked by Brandon Baddock.
2:58 of 1st period - Slapshot by Mitchell Chaffee.
2:58 of 1st period - Shot Misses the Net.
3:48 of 1st period - Off-side.
3:49 of 1st period - Oskar Steen wins face-off versus Kristian Reichel in neutral zone.
3:52 of 1st period - Wrist shot by Will Bitten.
3:52 of 1st period - Stopped by Arturs Silovs without a rebound.
3:53 of 1st period - Mavrik Bourque wins face-off versus Gage Goncalves in Drummondville Voltigeurs zone.
3:58 of 1st period - Slapshot by Mavrik Bourque.
3:58 of 1st period - Stopped by Arturs Silovs without a rebound.
3:59 of 1st period - Gage Goncalves wins face-off versus Mavrik Bourque in Drummondville Voltigeurs zone.
4:01 of 1st period - Sampo Ranta beats up Tyler Tucker.
4:01 of 1st period - Penalty to Sampo Ranta for Fighting.
4:01 of 1st period - Penalty to Tyler Tucker for Fighting.
4:02 of 1st period - Mavrik Bourque wins face-off versus Gage Goncalves in neutral zone.
4:11 of 1st period - Wrist shot by Martin Chromiak.
4:11 of 1st period - Shot Misses the Net.
4:13 of 1st period - Snap shot by Martin Chromiak.
4:13 of 1st period - Shot Misses the Net.
4:53 of 1st period - Snap shot by Michal Teply.
4:53 of 1st period - Stopped by Daniil Tarasov with a rebound.
4:55 of 1st period - Slapshot by Simon Holmstrom.
4:55 of 1st period - Shot Misses the Net.
4:57 of 1st period - Wrist shot by Simon Holmstrom.
4:57 of 1st period - Stopped by Daniil Tarasov with a rebound.
4:59 of 1st period - Snap shot by Kristian Reichel.
4:59 of 1st period - Stopped by Daniil Tarasov with a rebound.
5:11 of 1st period - Wrist shot by Gage Goncalves.
5:11 of 1st period - Stopped by Daniil Tarasov with a rebound.
5:17 of 1st period - Wrist shot by Mitchell Chaffee.
5:17 of 1st period - Stopped by Daniil Tarasov with a rebound.
5:19 of 1st period - Snap shot by Martin Chromiak.
5:19 of 1st period - Shot Misses the Net.
5:40 of 1st period - Off-side.
5:41 of 1st period - Kristian Reichel wins face-off versus Mavrik Bourque in neutral zone.
7:25 of 1st period - Marshall Rifai is hit by Kristian Reichel and loses puck.
7:51 of 1st period - Icing by Michal Teply.
7:52 of 1st period - Ryan Suzuki wins face-off versus Kristian Reichel in Drummondville Voltigeurs zone.
7:57 of 1st period - Backhand shot by Ryan Suzuki.
7:57 of 1st period - Stopped by Arturs Silovs with a rebound.
8:45 of 1st period - Slapshot by Ethen Frank.
8:45 of 1st period - Shot Blocked by Simon Holmstrom.
8:53 of 1st period - Snap shot by Simon Holmstrom.
8:53 of 1st period - Stopped by Daniil Tarasov with a rebound.
8:55 of 1st period - Slapshot by Brady Lyle.
8:55 of 1st period - Deflect By Kristian Reichel.
8:55 of 1st period - Shot Blocked by Ethen Frank.
8:55 of 1st period - Puck is out of play.
8:56 of 1st period - Jean-Sebastien Dea wins face-off versus Oskar Steen in Lake Erie Monsters zone.
9:22 of 1st period - Matthew Rempe is hit by Jake Neighbours.
9:48 of 1st period - Snap shot by Henri Nikkanen.
9:48 of 1st period - Shot Blocked by Ville Heinola.
10:10 of 1st period - Snap shot by Julien Gauthier.
10:10 of 1st period - Stopped by Daniil Tarasov with a rebound.
10:48 of 1st period - Snap shot by Jake Neighbours.
10:48 of 1st period - Stopped by Daniil Tarasov with a rebound.
11:00 of 1st period - Snap shot by Kyle Rau.
11:00 of 1st period - Stopped by Arturs Silovs without a rebound.
11:01 of 1st period - Jean-Sebastien Dea wins face-off versus Oskar Steen in Drummondville Voltigeurs zone.
11:21 of 1st period - Snap shot by Jake Neighbours.
11:21 of 1st period - Shot Blocked by Jimmy Schuldt.
11:23 of 1st period - Slapshot by Brady Lyle.
11:23 of 1st period - Stopped by Daniil Tarasov without a rebound.
11:24 of 1st period - Tyler Sikura wins face-off versus Kevin Rooney in Lake Erie Monsters zone.
11:24 of 1st period - Tyler Sikura is hit by Martin Chromiak.
11:45 of 1st period - Minor Penalty to Jake Neighbours for Roughing.
11:46 of 1st period - Jean-Sebastien Dea wins face-off versus Mavrik Bourque in Drummondville Voltigeurs zone.
11:57 of 1st period - Wrist shot by Ethen Frank.
11:57 of 1st period - Stopped by Arturs Silovs with a rebound.
12:15 of 1st period - Off-side.
12:16 of 1st period - Ryan Suzuki wins face-off versus Jean-Sebastien Dea in neutral zone.
13:45 of 1st period - Penalty to Jake Neighbours is over, Jake Neighbours is back on ice.
14:10 of 1st period - Off-side.
14:11 of 1st period - Mavrik Bourque wins face-off versus Kristian Reichel in neutral zone.
14:26 of 1st period - Backhand shot by Simon Holmstrom.
14:26 of 1st period - Stopped by Daniil Tarasov without a rebound.
14:27 of 1st period - Ryan Suzuki wins face-off versus Jean-Sebastien Dea in Lake Erie Monsters zone.
14:49 of 1st period - Icing by Simon Nemec.
14:50 of 1st period - Oskar Steen wins face-off versus Kevin Rooney in Drummondville Voltigeurs zone.
14:55 of 1st period - Wrist shot by Kyle Rau.
14:55 of 1st period - Stopped by Arturs Silovs with a rebound.
14:59 of 1st period - Wrist shot by Oskar Steen.
14:59 of 1st period - Shot Misses the Net.
15:01 of 1st period - Snap shot by Oskar Steen.
15:01 of 1st period - Stopped by Arturs Silovs with a rebound.
15:05 of 1st period - Snap shot by Oskar Steen.
15:05 of 1st period - Stopped by Arturs Silovs with a rebound.
16:20 of 1st period - Off-side.
16:21 of 1st period - Kyle Rau wins face-off versus Kevin Rooney in neutral zone.
16:28 of 1st period - Wrist shot by Jake Neighbours.
16:28 of 1st period - Goal by Jake Neighbours - Lake Erie Monsters : 1 - Drummondville Voltigeurs : 1.
16:29 of 1st period - Jean-Sebastien Dea wins face-off versus Ryan Suzuki in neutral zone.
16:38 of 1st period - Wrist shot by Boris Katchouk.
16:38 of 1st period - Stopped by Daniil Tarasov with a rebound.
16:44 of 1st period - Snap shot by Boris Katchouk.
16:44 of 1st period - Stopped by Daniil Tarasov without a rebound.
16:45 of 1st period - Mavrik Bourque wins face-off versus Jake Neighbours in Lake Erie Monsters zone.
16:56 of 1st period - Pierre-Olivier Joseph is hit by Turner Elson and loses puck.
17:01 of 1st period - Wrist shot by Mavrik Bourque.
17:01 of 1st period - Stopped by Arturs Silovs with a rebound.
17:42 of 1st period - Brandon Davidson is hit by Joe Hicketts and loses puck.
18:03 of 1st period - Snap shot by Simon Holmstrom.
18:03 of 1st period - Shot Blocked by Will Bitten.
18:27 of 1st period - Wrist shot by Ethen Frank.
18:27 of 1st period - Shot Misses the Net.
18:41 of 1st period - Marshall Rifai is hit by Julien Gauthier and loses puck.
18:54 of 1st period - Zackary Hayes is hit by Julien Gauthier and loses puck.
19:15 of 1st period - Snap shot by Mitchell Chaffee.
19:15 of 1st period - Stopped by Daniil Tarasov without a rebound.
19:16 of 1st period - Ryan Suzuki wins face-off versus Martin Chromiak in Lake Erie Monsters zone.
19:25 of 1st period - Snap shot by Ryan Suzuki.
19:25 of 1st period - Stopped by Arturs Silovs without a rebound.
19:26 of 1st period - Ryan Suzuki wins face-off versus Kevin Rooney in Drummondville Voltigeurs zone.
19:59 of 1st period - Off-side.
Goals for this period are 1 for Lake Erie Monsters vs 1 for Drummondville Voltigeurs.
Shots for this period are 12 for Lake Erie Monsters vs 18 for Drummondville Voltigeurs.

2nd period


0:01 of 2nd period - Ryan Suzuki wins face-off versus Jean-Sebastien Dea in neutral zone.
0:04 of 2nd period - Wrist shot by Tyler Sikura.
0:04 of 2nd period - Goal by Tyler Sikura - Lake Erie Monsters : 2 - Drummondville Voltigeurs : 1.
0:05 of 2nd period - Ryan Suzuki wins face-off versus Jean-Sebastien Dea in neutral zone.
0:10 of 2nd period - Snap shot by Ryan Suzuki.
0:10 of 2nd period - Shot Misses the Net.
0:32 of 2nd period - Matthew Rempe is hit by Mitchell Chaffee and loses puck.
0:41 of 2nd period - Snap shot by Gage Goncalves.
0:41 of 2nd period - Stopped by Daniil Tarasov without a rebound.
0:42 of 2nd period - Kevin Rooney wins face-off versus Oskar Steen in Lake Erie Monsters zone.
0:43 of 2nd period - Slapshot by Jake Neighbours.
0:43 of 2nd period - Stopped by Daniil Tarasov with a rebound.
0:45 of 2nd period - Wrist shot by Martin Chromiak.
0:45 of 2nd period - Stopped by Daniil Tarasov without a rebound.
0:46 of 2nd period - Will Bitten wins face-off versus Kevin Rooney in Lake Erie Monsters zone.
0:57 of 2nd period - Snap shot by Will Bitten.
0:57 of 2nd period - Stopped by Arturs Silovs with a rebound.
1:20 of 2nd period - Slapshot by Oskar Steen.
1:20 of 2nd period - Stopped by Arturs Silovs with a rebound.
1:22 of 2nd period - Backhand shot by Matthew Robertson.
1:22 of 2nd period - Shot Blocked by Markus Niemelainen.
1:24 of 2nd period - Slapshot by Jimmy Schuldt.
1:24 of 2nd period - Shot Blocked by Sampo Ranta.
1:26 of 2nd period - Snap shot by Kyle Rau.
1:26 of 2nd period - Shot Blocked by Sampo Ranta.
1:28 of 2nd period - Slapshot by Oskar Steen.
1:28 of 2nd period - Goal by Oskar Steen - Lake Erie Monsters : 3 - Drummondville Voltigeurs : 1.
1:29 of 2nd period - Ryan Suzuki wins face-off versus Jean-Sebastien Dea in neutral zone.
1:34 of 2nd period - Snap shot by Tyler Sikura.
1:34 of 2nd period - Stopped by Arturs Silovs with a rebound.
1:44 of 2nd period - Ethen Frank is hit by Jean-Sebastien Dea and loses puck.
2:14 of 2nd period - Jake Neighbours is hit by Turner Elson and loses puck.
2:27 of 2nd period - Wrist shot by Turner Elson.
2:27 of 2nd period - Shot Misses the Net.
2:29 of 2nd period - Wrist shot by Matthew Robertson.
2:29 of 2nd period - Shot Blocked by Martin Chromiak.
2:31 of 2nd period - Snap shot by Matthew Rempe.
2:31 of 2nd period - Stopped by Arturs Silovs without a rebound.
2:32 of 2nd period - Jean-Sebastien Dea wins face-off versus Ryan Suzuki in Drummondville Voltigeurs zone.
3:22 of 2nd period - Oskar Steen is hit by Boris Katchouk and loses puck.
3:47 of 2nd period - Wrist shot by Turner Elson.
3:47 of 2nd period - Stopped by Arturs Silovs with a rebound.
3:51 of 2nd period - Slapshot by Mavrik Bourque.
3:51 of 2nd period - Stopped by Arturs Silovs with a rebound.
4:09 of 2nd period - Wrist shot by Boris Katchouk.
4:09 of 2nd period - Shot Blocked by Tyler Sikura.
5:06 of 2nd period - Off-side.
5:07 of 2nd period - Mavrik Bourque wins face-off versus Gage Goncalves in neutral zone.
5:10 of 2nd period - Snap shot by Turner Elson.
5:10 of 2nd period - Shot Misses the Net.
5:12 of 2nd period - Slapshot by Matthew Robertson.
5:12 of 2nd period - Stopped by Arturs Silovs without a rebound.
5:13 of 2nd period - Kevin Rooney wins face-off versus Ryan Suzuki in Drummondville Voltigeurs zone.
5:27 of 2nd period - Snap shot by Tyler Sikura.
5:27 of 2nd period - Stopped by Arturs Silovs without a rebound.
5:28 of 2nd period - Gage Goncalves wins face-off versus Mavrik Bourque in Drummondville Voltigeurs zone.
5:59 of 2nd period - Snap shot by Jake Neighbours.
5:59 of 2nd period - Stopped by Daniil Tarasov without a rebound.
6:00 of 2nd period - Kevin Rooney wins face-off versus Ryan Suzuki in Lake Erie Monsters zone.
6:44 of 2nd period - Wrist shot by Ethen Frank.
6:44 of 2nd period - Deflect By Tyler Sikura.
6:44 of 2nd period - Shot Blocked by Simon Nemec.
6:44 of 2nd period - Puck is out of play.
6:45 of 2nd period - Mavrik Bourque wins face-off versus Gage Goncalves in Drummondville Voltigeurs zone.
6:46 of 2nd period - Wrist shot by Turner Elson.
6:46 of 2nd period - Stopped by Arturs Silovs with a rebound.
6:48 of 2nd period - Slapshot by Matthew Robertson.
6:48 of 2nd period - Shot Blocked by Mitchell Chaffee.
6:50 of 2nd period - Snap shot by Matthew Rempe.
6:50 of 2nd period - Goal by Matthew Rempe - Lake Erie Monsters : 4 - Drummondville Voltigeurs : 1.
6:51 of 2nd period - Jean-Sebastien Dea wins face-off versus Ryan Suzuki in neutral zone.
7:18 of 2nd period - Tyler Tucker is hit by Jake Neighbours and loses puck.
7:36 of 2nd period - Icing by Joe Hicketts.
7:37 of 2nd period - Gage Goncalves wins face-off versus Oskar Steen in Lake Erie Monsters zone.
7:38 of 2nd period - Snap shot by Mitchell Chaffee.
7:38 of 2nd period - Shot Misses the Net.
8:02 of 2nd period - Tyler Sikura is hit by Jean-Sebastien Dea and loses puck.
8:29 of 2nd period - Snap shot by Kevin Rooney.
8:29 of 2nd period - Shot Misses the Net.
8:45 of 2nd period - Wrist shot by Kristian Reichel.
8:45 of 2nd period - Stopped by Daniil Tarasov without a rebound.
8:46 of 2nd period - Ryan Suzuki wins face-off versus Kristian Reichel in Lake Erie Monsters zone.
8:46 of 2nd period - Ryan Suzuki is hit by Pierre-Olivier Joseph.
9:38 of 2nd period - Slapshot by Pierre-Olivier Joseph.
9:38 of 2nd period - Shot Misses the Net.
9:40 of 2nd period - Slapshot by Kristian Reichel.
9:40 of 2nd period - Shot Misses the Net.
9:42 of 2nd period - Slapshot by Brandon Davidson.
9:42 of 2nd period - Shot Misses the Net.
9:44 of 2nd period - Snap shot by Simon Holmstrom.
9:44 of 2nd period - Shot Misses the Net.
9:46 of 2nd period - Wrist shot by Simon Holmstrom.
9:46 of 2nd period - Stopped by Daniil Tarasov without a rebound.
9:47 of 2nd period - Mavrik Bourque wins face-off versus Jean-Sebastien Dea in Lake Erie Monsters zone.
9:47 of 2nd period - Mavrik Bourque is hit by Boris Katchouk.
9:56 of 2nd period - Mavrik Bourque is hit by Boris Katchouk.
10:19 of 2nd period - Snap shot by Will Bitten.
10:19 of 2nd period - Stopped by Arturs Silovs with a rebound.
10:21 of 2nd period - Slapshot by Marshall Rifai.
10:21 of 2nd period - Deflect By Will Bitten.
10:21 of 2nd period - Shot Blocked by Markus Niemelainen.
10:21 of 2nd period - Puck is out of play.
10:22 of 2nd period - Mitchell Chaffee wins face-off versus Mavrik Bourque in Drummondville Voltigeurs zone.
10:22 of 2nd period - Mitchell Chaffee is hit by Matthew Rempe.
10:51 of 2nd period - Off-side.
10:52 of 2nd period - Jean-Sebastien Dea wins face-off versus Oskar Steen in neutral zone.
11:03 of 2nd period - Snap shot by Kyle Rau.
11:03 of 2nd period - Stopped by Arturs Silovs without a rebound.
11:04 of 2nd period - Ryan Suzuki wins face-off versus Jean-Sebastien Dea in Drummondville Voltigeurs zone.
11:35 of 2nd period - Snap shot by Ryan Suzuki.
11:35 of 2nd period - Shot Blocked by Pierre-Olivier Joseph.
11:37 of 2nd period - Snap shot by Mavrik Bourque.
11:37 of 2nd period - Deflect By Turner Elson.
11:37 of 2nd period - Shot Blocked by Jake Neighbours.
11:37 of 2nd period - Puck is out of play.
11:38 of 2nd period - Martin Chromiak wins face-off versus Mavrik Bourque in Drummondville Voltigeurs zone.
11:38 of 2nd period - Martin Chromiak is hit by Jimmy Schuldt.
12:00 of 2nd period - Wrist shot by Mavrik Bourque.
12:00 of 2nd period - Shot Misses the Net.
12:02 of 2nd period - Slapshot by Matthew Robertson.
12:02 of 2nd period - Shot Blocked by Brandon Davidson.
12:04 of 2nd period - Wrist shot by Turner Elson.
12:04 of 2nd period - Shot Blocked by Kevin Rooney.
12:06 of 2nd period - Slapshot by Jimmy Schuldt.
12:06 of 2nd period - Shot Misses the Net.
12:08 of 2nd period - Slapshot by Mavrik Bourque.
12:08 of 2nd period - Goal by Mavrik Bourque - Lake Erie Monsters : 5 - Drummondville Voltigeurs : 1.
12:09 of 2nd period - Jean-Sebastien Dea wins face-off versus Ryan Suzuki in neutral zone.
12:20 of 2nd period - Slapshot by Julien Gauthier.
12:20 of 2nd period - Shot Blocked by Tyler Tucker.
12:22 of 2nd period - Wrist shot by Boris Katchouk.
12:22 of 2nd period - Shot Misses the Net.
12:24 of 2nd period - Slapshot by Jean-Sebastien Dea.
12:24 of 2nd period - Shot Blocked by Tyler Tucker.
12:34 of 2nd period - Markus Niemelainen is hit by Mavrik Bourque and loses puck.
12:40 of 2nd period - Matthew Rempe beats up Mitchell Chaffee.
12:40 of 2nd period - Penalty to Mitchell Chaffee for Fighting.
12:40 of 2nd period - Penalty to Matthew Rempe for Fighting.
12:41 of 2nd period - Ryan Suzuki wins face-off versus Jean-Sebastien Dea in neutral zone.
12:44 of 2nd period - Snap shot by Tyler Sikura.
12:44 of 2nd period - Shot Blocked by Julien Gauthier.
12:45 of 2nd period - Boris Katchouk and Tyler Sikura fight to a draw.
12:45 of 2nd period - Penalty to Boris Katchouk for Fighting.
12:45 of 2nd period - Penalty to Tyler Sikura for Fighting.
12:46 of 2nd period - Jean-Sebastien Dea wins face-off versus Ryan Suzuki in Drummondville Voltigeurs zone.
13:11 of 2nd period - Martin Chromiak is hit by Jimmy Schuldt and loses puck.
13:35 of 2nd period - Matthew Robertson is hit by Ville Heinola and loses puck.
17:32 of 2nd period - Michal Teply is hit by Brandon Baddock and loses puck.
17:40 of 2nd period - Icing by Brady Lyle.
17:41 of 2nd period - Mavrik Bourque wins face-off versus Kristian Reichel in Drummondville Voltigeurs zone.
18:08 of 2nd period - Slapshot by Ethen Frank.
18:08 of 2nd period - Shot Misses the Net.
18:18 of 2nd period - Minor Penalty to Boris Katchouk for Tripping.
18:19 of 2nd period - Jean-Sebastien Dea wins face-off versus Mavrik Bourque in Drummondville Voltigeurs zone.
18:30 of 2nd period - Snap shot by Mavrik Bourque.
18:30 of 2nd period - Shot Misses the Net.
18:32 of 2nd period - Slapshot by Tyler Tucker.
18:32 of 2nd period - Shot Blocked by Pierre-Olivier Joseph.
18:34 of 2nd period - Slapshot by Ethen Frank.
18:34 of 2nd period - Shot Misses the Net.
18:48 of 2nd period - Snap shot by Tyler Sikura.
18:48 of 2nd period - Shot Blocked by Pierre-Olivier Joseph.
18:50 of 2nd period - Slapshot by Tyler Sikura.
18:50 of 2nd period - Goal by Tyler Sikura - Lake Erie Monsters : 6 - Drummondville Voltigeurs : 1.
18:50 of 2nd period - Jaxson Stauber enters game.
18:51 of 2nd period - Ryan Suzuki wins face-off versus Jean-Sebastien Dea in neutral zone.
19:33 of 2nd period - Turner Elson is hit by Kevin Rooney.
19:49 of 2nd period - Wrist shot by Kyle Rau.
19:49 of 2nd period - Stopped by Jaxson Stauber with a rebound.
Goals for this period are 5 for Lake Erie Monsters vs 0 for Drummondville Voltigeurs.
Shots for this period are 17 for Lake Erie Monsters vs 6 for Drummondville Voltigeurs.

3rd period


0:01 of 3rd period - Ryan Suzuki wins face-off versus Boris Katchouk in neutral zone.
0:04 of 3rd period - Snap shot by Ryan Suzuki.
0:04 of 3rd period - Shot Blocked by Pierre-Olivier Joseph.
0:09 of 3rd period - Jean-Sebastien Dea beats up Ryan Suzuki.
0:09 of 3rd period - Penalty to Jean-Sebastien Dea for Fighting.
0:09 of 3rd period - Penalty to Ryan Suzuki for Fighting.
0:10 of 3rd period - Kevin Rooney wins face-off versus Henri Nikkanen in Drummondville Voltigeurs zone.
0:54 of 3rd period - Will Bitten is hit by Markus Niemelainen and loses puck.
1:37 of 3rd period - Wrist shot by Ethen Frank.
1:37 of 3rd period - Goal by Ethen Frank - Lake Erie Monsters : 7 - Drummondville Voltigeurs : 1.
1:38 of 3rd period - Henri Nikkanen wins face-off versus Kevin Rooney in neutral zone.
1:53 of 3rd period - Slapshot by Tyler Sikura.
1:53 of 3rd period - Shot Misses the Net.
2:03 of 3rd period - Matthew Rempe is hit by Simon Nemec and loses puck.
2:23 of 3rd period - Wrist shot by Sampo Ranta.
2:23 of 3rd period - Stopped by Daniil Tarasov with a rebound.
2:31 of 3rd period - Wrist shot by Kyle Rau.
2:31 of 3rd period - Stopped by Jaxson Stauber with a rebound.
2:32 of 3rd period - Kristian Reichel and Tyler Tucker fight to a draw.
2:32 of 3rd period - Penalty to Kristian Reichel for Fighting.
2:32 of 3rd period - Penalty to Tyler Tucker for Fighting.
2:33 of 3rd period - Henri Nikkanen wins face-off versus Kevin Rooney in Drummondville Voltigeurs zone.
2:38 of 3rd period - Pierre-Olivier Joseph is hit by Joe Hicketts and loses puck.
3:24 of 3rd period - Matthew Robertson is hit by Michal Teply and loses puck.
3:45 of 3rd period - Blake Murray beats up Boris Katchouk.
3:45 of 3rd period - Penalty to Boris Katchouk for Fighting.
3:45 of 3rd period - Penalty to Blake Murray for Fighting.
3:46 of 3rd period - Kevin Rooney wins face-off versus Henri Nikkanen in Lake Erie Monsters zone.
3:53 of 3rd period - Slapshot by Kevin Rooney.
3:53 of 3rd period - Stopped by Daniil Tarasov without a rebound.
3:54 of 3rd period - Henri Nikkanen wins face-off versus Jake Neighbours in Lake Erie Monsters zone.
3:54 of 3rd period - Henri Nikkanen is hit by Jake Neighbours.
4:10 of 3rd period - Slapshot by Martin Chromiak.
4:10 of 3rd period - Stopped by Daniil Tarasov without a rebound.
4:11 of 3rd period - Kevin Rooney wins face-off versus Mavrik Bourque in Lake Erie Monsters zone.
4:23 of 3rd period - Off-side.
4:24 of 3rd period - Kevin Rooney wins face-off versus Henri Nikkanen in neutral zone.
4:26 of 3rd period - Gage Goncalves beats up Zackary Hayes.
4:26 of 3rd period - Penalty to Gage Goncalves for Fighting.
4:26 of 3rd period - Penalty to Zackary Hayes for Fighting.
4:26 of 3rd period - Penalty to Zackary Hayes for instigated a fight.
4:26 of 3rd period - Penalty to Zackary Hayes for instigated a fight.
4:27 of 3rd period - Kevin Rooney wins face-off versus Henri Nikkanen in Lake Erie Monsters zone.
4:42 of 3rd period - Snap shot by Julien Gauthier.
4:42 of 3rd period - Stopped by Daniil Tarasov with a rebound.
5:09 of 3rd period - Penalty to Ryan Suzuki is over, Ryan Suzuki is back on ice.
6:26 of 3rd period - Penalty to Zackary Hayes is over, Will Bitten is send on ice.
6:42 of 3rd period - Simon Holmstrom is hit by Henri Nikkanen and loses puck.
7:01 of 3rd period - Brandon Davidson is hit by Henri Nikkanen and loses puck.
8:14 of 3rd period - Icing by Simon Holmstrom.
8:15 of 3rd period - Kevin Rooney wins face-off versus Ryan Suzuki in Drummondville Voltigeurs zone.
8:22 of 3rd period - Ryan Suzuki is hit by Brady Lyle and loses puck.
8:41 of 3rd period - Matthew Rempe is hit by Kevin Rooney and loses puck.
9:02 of 3rd period - Slapshot by Jean-Sebastien Dea.
9:02 of 3rd period - Shot Hit the Post.
9:19 of 3rd period - Martin Chromiak is hit by Joe Hicketts and loses puck.
10:22 of 3rd period - Mitchell Chaffee is hit by Blake Murray and loses puck.
10:30 of 3rd period - Icing by Pierre-Olivier Joseph.
10:31 of 3rd period - Gage Goncalves wins face-off versus Mavrik Bourque in Drummondville Voltigeurs zone.
10:38 of 3rd period - Snap shot by Mavrik Bourque.
10:38 of 3rd period - Stopped by Jaxson Stauber with a rebound.
11:08 of 3rd period - Slapshot by Turner Elson.
11:08 of 3rd period - Shot Blocked by Gage Goncalves.
12:28 of 3rd period - Turner Elson is hit by Martin Chromiak and loses puck.
13:04 of 3rd period - Jean-Sebastien Dea is hit by Brandon Baddock and loses puck.
13:09 of 3rd period - Snap shot by Blake Murray.
13:09 of 3rd period - Stopped by Jaxson Stauber with a rebound.
13:41 of 3rd period - Kristian Reichel is hit by Jimmy Schuldt and loses puck.
13:52 of 3rd period - Kristian Reichel is hit by Jimmy Schuldt.
14:37 of 3rd period - Mitchell Chaffee is hit by Mavrik Bourque.
15:42 of 3rd period - Brady Lyle is hit by Jimmy Schuldt and loses puck.
16:19 of 3rd period - Oskar Steen is hit by Kristian Reichel and loses puck.
16:32 of 3rd period - Simon Nemec is hit by Turner Elson and loses puck.
17:55 of 3rd period - Michal Teply is hit by Kyle Rau and loses puck.
19:08 of 3rd period - Julien Gauthier is hit by Brandon Baddock and loses puck.
19:26 of 3rd period - 10 Minutes Misconduct Penalty to Zackary Hayes is over.
19:51 of 3rd period - Zackary Hayes is hit by Kristian Reichel and loses puck.
19:56 of 3rd period - Snap shot by Kristian Reichel.
19:56 of 3rd period - Stopped by Daniil Tarasov with a rebound.
Goals for this period are 1 for Lake Erie Monsters vs 0 for Drummondville Voltigeurs.
Shots for this period are 4 for Lake Erie Monsters vs 5 for Drummondville Voltigeurs.